 Dungeon Crawl Stone Soup version 0.18-a0-1203-gbde16db (webtiles) character file.

26 M4edhros the Charlatan (level 3, -7/23 HPs)
             Began as an Octopode Artificer on Jan 31, 2016.
             Was an Initiate of Fedhas.
             Mangled by Sigmund
             ... wielding a +0 scythe
              (14 damage)
             ... on level 2 of the Dungeon.
             The game lasted 00:01:31 (885 turns).

M4edhros the Charlatan (Octopode Artificer)          Turns: 885, Time: 00:01:31

Health: -7/23      AC:  1    Str: 15    XL:     3   Next: 8%
Magic:  5/5        EV: 18    Int: 20    God:    Fedhas [......]
Gold:   104        SH:  0    Dex: 17    Spells: 0 memorised, 2 levels left

rFire  . . .     SeeInvis .     a - +0 short sword
rCold  . . .     Gourm    .     (no shield)
rNeg   . . .     Faith    .     (helmet restricted)
rPois  .         Spirit   .     (no amulet)
rElec  .         Dismiss  .     i - ring of flight
rCorr  .         Reflect  .     (no ring)
SustAt .         Harm     .     (no ring)
MR     .....                    (no ring)
Stlth  +++.......               (no ring)
                                (no ring)
                                (no ring)
                                (no ring)

@: confused, mighty, brilliant, agile, not resistant to hostile enchantments,
fairly stealthy
A: almost no armour, amphibious, 8 rings, constrict 8, camouflage 1, gelatinous
body 1
a: Renounce Religion, Evoke Flight


You were on level 2 of the Dungeon.
You worshipped Fedhas.
Fedhas was noncommittal.
You were not hungry.

You visited 1 branch of the dungeon, and saw 2 of its levels.

You collected 104 gold pieces.

Inventory:

Hand Weapons
 a - a +0 short sword (weapon)
 h - a +0 hunting sling
Missiles
 j - 28 stones (quivered)
Jewellery
 i - a ring of flight (left tentacle)
Wands
 b - a wand of flame (14/48)
 c - a wand of enslavement (15/24)
 d - a wand of random effects (15/48)
Scrolls
 e - 6 scrolls of remove curse {unknown}
 k - 2 scrolls of recharging {unknown}
 q - a scroll of random uselessness {unknown}
Comestibles
 f - 2 bread rations
 g - 4 fruits
 l - 2 meat rations


   Skills:
 - Level 1.0 Fighting
 - Level 1.0 Short Blades
 * Level 2.7 Dodging
 * Level 2.6 Stealth
 + Level 3.5 Evocations


You had 2 spell levels left.
You didn't know any spells.

Dungeon Overview and Level Annotations

Branches:
Dungeon (2/15)

Altars:
Fedhas

Annotations:
D:2 Sigmund


Innate Abilities, Weirdness & Mutations

You cannot wear most types of armour.
You are amphibious.
You can wear up to eight rings at the same time.
You can use your tentacles to constrict eight enemies at once.
Your skin changes colour to match your surroundings (Stealth).
Your rubbery body absorbs attacks (AC +1).


Message History

It was a potion of brilliance.
You feel clever all of a sudden.
Drink which item? (? for menu, Esc to quit)
It was a potion of might.
You feel very mighty all of a sudden.
Sigmund mumbles some strange words.
Sigmund flickers and vanishes!
Deactivating autopickup; reactivate with Ctrl-A.
Drink which item? (? for menu, Esc to quit)
It was a potion of magic.
Magic courses through your body.
Drink which item? (? for menu, Esc to quit)
It was a potion of agility.
You feel agile all of a sudden.
You are more confused.
A magic dart appears from out of thin air!
The magic dart hits you!
You're too confused to move!
Something hits you!
Ouch! That really hurt!
You die...
Fedhas appreciates your contribution to the ecosystem.

########### #.........#
#.........# ## #......@..#
.#########.).......#
.#..)...........{..#
.'..P.....................
.#..#'##.......###........
....#.[#.......# #........
.#..#..#.......# #........
....####.......# #........
#..............# .........


There were no monsters in sight!

Vanquished Creatures
  A bat (D:1)
  A giant cockroach (D:1)
  4 goblins
  6 hobgoblins
  2 giant newts (D:1)
  4 kobolds
  7 rats
25 creatures vanquished.

Vanquished Creatures (others)
  4 toadstools (D:2)
4 creatures vanquished.

Grand Total: 29 creatures vanquished

Notes
Turn   | Place    | Note
--------------------------------------------------------------
     0 | D:1      | M4edhros the Octopode Artificer began the quest for the Orb.
     0 | D:1      | Reached XP level 1. HP: 13/13 MP: 3/3
    75 | D:1      | Reached XP level 2. HP: 2/18 MP: 4/4
   710 | D:2      | Found a blossoming altar of Fedhas.
   718 | D:2      | Became a worshipper of Fedhas Madash
   812 | D:2      | Reached XP level 3. HP: 23/23 MP: 5/5
   874 | D:2      | Noticed Sigmund
   885 | D:2      | Mangled by Sigmund

Vault maps used:
D:1:      minmay_arrival_open_corners, grunt_decor_fettered
D:2:      first_bread, corexii_shack, minmay_misc_feat_five, fedhas_altar_2,
          uniq_crazy_yiuf_cottage, uniq_sigmund

Action                   || total
-------------------------++-------
Melee: Short sword       ||    39
Evoke: Wand              ||     1
  Use: Potion            ||     4
 Stab: Sleeping          ||     6
